 Dungeon Crawl Stone Soup version 0.19.4-8-ga85b6b9 (webtiles) character file.

1053 Jynx the Slasher (level 8, -3/70 HPs)
             Began as a Minotaur Fighter on Feb 14, 2017.
             Slain by Duvessa
             ... wielding a +0 rapier
              (7 damage)
             ... on level 5 of the Dungeon.
             The game lasted 00:07:14 (3833 turns).

Jynx the Slasher (Minotaur Fighter)                 Turns: 3833, Time: 00:07:15

Health: -3/70      AC:  7    Str: 27    XL:     8   Next: 5%
Magic:  16/16      EV: 10    Int:  5    God:
Gold:   248        SH: 11    Dex: 11    Spells: 0 memorised, 7 levels left

rFire  . . .     SeeInvis .     a - +0 long sword
rCold  + . .     Gourm    .     i - +0 ring mail (curse)
rNeg   . . .     Faith    .     c - +0 shield
rPois  .         Spirit   .     (helmet restricted)
rElec  .         Reflect  .     (no cloak)
rCorr  .         Harm     .     g - +0 pair of gloves
MR     .....                    (no boots)
Stlth  +.........               (no amulet)
                                n - ring of magical power
                                l - ring of protection from cold

@: mighty
A: retaliatory headbutt, horns 2
a: no special abilities


You were on level 5 of the Dungeon.
You were not hungry.

You visited 1 branch of the dungeon, and saw 5 of its levels.
You also visited: Ossuary.

You collected 248 gold pieces.

Inventory:

Hand Weapons
 a - a +0 long sword (weapon)
Armour
 b - a +1 scale mail
 c - a +0 shield (worn)
 g - a +0 pair of gloves (worn)
 i - a cursed +0 ring mail (worn)
 o - a +4 chain mail
Jewellery
 l - a ring of protection from cold (left hand)
 m - an uncursed ring of resist corrosion
 n - a ring of magical power (right hand)
Wands
 t - a wand of digging (24/24)
Scrolls
 w - a scroll of identify
Potions
 d - 2 potions of might
 e - a potion of flight
 k - 2 potions of brilliance
 p - 2 potions of resistance {unknown}
 q - a potion of heal wounds {unknown}
 u - a potion of degeneration {unknown}
 v - a potion of ambrosia {unknown}
 A - a potion of magic {unknown}
 B - a potion of agility {unknown}
 C - a potion of haste {unknown}
Comestibles
 f - 4 bread rations
 j - 4 meat rations
 s - a beef jerky


   Skills:
 + Level 5.8 Fighting
 * Level 7.9 Long Blades
 - Level 5.0 Armour
 - Level 2.8 Dodging
 - Level 1.3 Stealth
 - Level 5.6 Shields


You had 7 spell levels left.
You didn't know any spells.

Dungeon Overview and Level Annotations

Branches:
Dungeon (5/15)
 Temple: D:4-7

Altars:
Cheibriados
Beogh

Annotations:
D:5 Duvessa


Innate Abilities, Weirdness & Mutations

You reflexively headbutt those who attack you in melee.
You have a pair of horns on your head.


Message History

You closely miss something. Something hits you but does no damage.
You miss something. You headbutt something!
You feel sick. Something hits you but does no damage. Something hits you.
* * * LOW HITPOINT WARNING * * *
You feel better. Something hits you.
* * * LOW HITPOINT WARNING * * *
You slash something! Something hits you.
* * * LOW HITPOINT WARNING * * *
Your shield prevents you from hitting something.
Your headbutt misses something. Something hits you but does no damage.
Something hits you!
* * * LOW HITPOINT WARNING * * *
You feel better. Something hits you.
* * * LOW HITPOINT WARNING * * *
You feel better. Something hits you.
* * * LOW HITPOINT WARNING * * *
You miss something. You headbutt something. Something hits you.
* * * LOW HITPOINT WARNING * * *
Something hits you!
You die...

#......$...#
..........#
.........
...{... .....
e.. #'#
#.######
###########
#.)@...#
#.........#
######.#
#.#######.# #.#
#.#...###.#
#.###.#.#...).#
#.....#.####)..
#######.# #)##
#.# #... #<#
#### ###


There were no monsters in sight!

Vanquished Creatures
  A wraith (Ossuary)
  The ghost of maxonian the Covert, an amateur SpEn (D:4)
  2 ogres
  Blork the orc (D:3)
  Dowan (D:5)
  A howler monkey (D:4)
  An orc priest (D:3)
  Terence (D:2)
  A worker ant (D:4)
  A hound zombie (D:3)
  A hound skeleton (D:3)
  A mummy (Ossuary)
  15 gnolls
  6 adders
  An ooze (D:3)
  An adder skeleton (D:4)
  4 worms
  4 dart slugs
  A leopard gecko (D:1)
  9 orcs
  2 giant cockroaches (D:1)
  5 goblins
  4 hobgoblins
  3 jackals (D:3)
  5 kobolds
  A quokka (D:2)
  A ball python (D:3)
  7 bats
  2 frilled lizards (D:1)
  8 gnoll skeletons (Ossuary)
  6 kobold skeletons (Ossuary)
  A leopard gecko zombie (D:3)
  11 orc skeletons (Ossuary)
  A quokka skeleton (D:3)
  11 rats
122 creatures vanquished.

Notes
Turn   | Place    | Note
-------+----------+-------------------------------------------
     0 | D:1      | Jynx the Minotaur Fighter began the quest for the Orb.
     0 | D:1      | Reached XP level 1. HP: 19/19 MP: 0/0
    96 | D:1      | Reached XP level 2. HP: 26/27 MP: 1/1
   344 | D:1      | Reached XP level 3. HP: 26/33 MP: 2/2
   748 | D:2      | Found a snail-covered altar of Cheibriados.
   757 | D:2      | Reached skill level 3 in Long Blades
  1295 | D:2      | Noticed Terence
  1303 | D:2      | Killed Terence
  1303 | D:2      | Reached XP level 4. HP: 39/40 MP: 3/3
  1725 | D:3      | Noticed an ogre
  1732 | D:3      | Killed an ogre
  1732 | D:3      | Reached skill level 4 in Long Blades
  1732 | D:3      | Reached skill level 1 in Dodging
  1732 | D:3      | Reached XP level 5. HP: 25/46 MP: 4/4
  2001 | D:3      | Reached skill level 5 in Shields
  2038 | D:3      | Reached XP level 6. HP: 13/52 MP: 5/5
  2222 | D:3      | Found a faded altar of an unknown god.
  2536 | D:3      | Found a roughly hewn altar of Beogh.
  2546 | D:3      | Reached skill level 1 in Stealth
  2616 | D:4      | Noticed Blork the orc
  2616 | D:4      | Noticed maxonian's ghost (amateur SpEn)
  2632 | D:3      | Killed Blork the orc
  2632 | D:3      | Reached skill level 5 in Long Blades
  2676 | D:4      | Killed maxonian's ghost
  2676 | D:4      | Reached XP level 7. HP: 56/60 MP: 6/6
  2716 | D:4      | Reached skill level 5 in Armour
  2979 | D:4      | Reached skill level 6 in Long Blades
  3177 | D:4      | Found a sand-covered staircase.
  3180 | D:4      | Reached skill level 5 in Fighting
  3197 | Ossuary  | Entered an ossuary
  3197 | Ossuary  | Noticed a wraith
  3197 | Ossuary  | Noticed a wraith
  3197 | Ossuary  | Noticed a wraith
  3244 | Ossuary  | Noticed a wraith
  3262 | Ossuary  | Killed a wraith
  3262 | Ossuary  | Reached skill level 7 in Long Blades
  3571 | D:5      | Entered Level 5 of the Dungeon
  3591 | D:5      | Reached XP level 8. HP: 26/69 MP: 7/7
  3815 | D:5      | Noticed Duvessa
  3816 | D:5      | Noticed Dowan
  3821 | D:5      | Killed Dowan
  3830 | D:5      | HP: 2/70 [something (7)]
  3833 | D:5      | Slain by Duvessa

Skill      XL: |  1  2  3  4  5  6  7 |
---------------+----------------------+-----
Shields        | 4 5 |  5.6
Armour         | 4 5 |  5.0
Long Blades    | 3 4 5 7 |  7.9
Fighting       | 4 5 |  5.8
Dodging        | 1 2 |  2.8
Stealth        | 1 |  1.3

Action                   |  1- 3 |  4- 6 |  7- 9 || total
-------------------------+-------+-------+-------++-------
Melee: Long sword        |    97 |   111 |   117 ||   325
       Headbutt          |     8 |    21 |    38 ||    67
  Use: Scroll            |     3 |     3 |     4 ||    10
       Potion            |       |       |     4 ||     4
  Eat: Chunk             |       |     6 |     4 ||    10
Armor: Scale mail        |     7 |       |       ||     7
       Ring mail         |    30 |    40 |    21 ||    91
Dodge: Dodged            |    19 |    41 |    47 ||   107
Block: Shield            |    49 |    64 |    50 ||   163
       Rpst.: Long sword |     6 |    14 |    19 ||    39
